 Dungeon Crawl Stone Soup version 0.28-a0-1506-g3893175d92 (webtiles) character file.

Game seed: 14945982540228694853

74 voltaire321 the Sneak (level 4, 0/25 HPs)
             Began as a Kobold Enchanter on Jan 14, 2022.
             Slain by an adder (3 damage)
             ... on level 3 of the Dungeon.
             The game lasted 00:04:01 (2780 turns).

voltaire321 the Sneak (Kobold Enchanter)            Turns: 2780, Time: 00:04:02

Health: 0/25       AC:  3    Str:  7    XL:     4   Next: 52%
Magic:  7/7        EV: 15    Int: 16    God:
Gold:   50         SH:  0    Dex: 15    Spells: 6/8 levels left

rFire   . . .      SeeInvis .   a - +1 dagger
rCold   . . .      Faith    .   (no shield)
rNeg    . . .      Spirit   .   b - +0 robe
rPois   .          Reflect  .   f - +0 helmet
rElec   .          Harm     .   (no cloak)
rCorr   .          Rampage  .   (no gloves)
Will    .....                   (no boots)
Stlth   ++++......              (no amulet)
HPRegen 0.08/turn               (no ring)
MPRegen 0.10/turn               (no ring)

@: lethally poisoned (0 -> -2)
A: small, no large weapons, nightstalker 3
a: no special abilities


You were on level 3 of the Dungeon.
You visited 1 branch of the dungeon, and saw 3 of its levels.

You collected 50 gold pieces.

Inventory:

Hand Weapons
 a - a +1 dagger (weapon)
Armour
 b - a +0 robe (worn)
 f - a +0 helmet (worn)
 l - a +0 kite shield
Jewellery
 i - a ring of willpower
Scrolls
 e - 4 scrolls of fog {unknown}
 h - a scroll of teleportation {unknown}
 j - 2 scrolls of magic mapping {unknown}
Potions
 c - a potion of invisibility
 d - a potion of cancellation {unknown}
 g - a potion of resistance {unknown}
 k - a potion of curing {unknown}
 m - a potion of might {unknown}
 n - a potion of mutation {unknown}
 o - a potion of heal wounds {unknown}


   Skills:
 + Level 1.3 Fighting
 + Level 2.4 Short Blades
 + Level 3.0 Dodging
 + Level 4.5 Stealth
 + Level 2.6 Spellcasting
 + Level 3.2 Hexes
 + Level 1.0 Ice Magic


You had 6 spell levels left.
You knew the following spells:

 Your Spells              Type           Power      Damage    Failure   Level
a - Ensorcelled Hibernat  Hex/Ice        18%        N/A       12%         2

Your spell library contained the following spells:

 Spells                   Type           Power      Damage    Failure   Level
 Confusing Touch          Hex            12%        N/A       16%         3
 Tukima's Dance           Hex            12%        N/A       16%         3
 Beastly Appendage        Tmut           4%         N/A       21%         1
 Wereblood                Tmut           2%         N/A       30%         2
 Dazzling Flash           Conj/Hex       14%        N/A       30%         3
 Spider Form              Tmut/Pois      2%         N/A       52%         3


Dungeon Overview and Level Annotations

Branches:
Dungeon (3/15)

Altars:
The Shining One


Innate Abilities, Weirdness & Mutations

You are small and have problems with some larger weapons.
You are completely attuned to the shadows.


Message History

You feel sick.
You feel sick.
You feel sick.
You feel sick.
You are no longer poisoned.
The adder closely misses you.
You closely miss the adder.
The adder is lightly wounded.
The adder bites you.
You hit the adder.
The adder is moderately wounded.
The adder completely misses you.
You barely miss the adder.
The adder is moderately wounded.
The adder barely misses you.
You hit the adder.
The adder is heavily wounded.
The adder barely misses you.
You closely miss the adder.
The adder is heavily wounded.
The adder bites you but does no damage.
You closely miss the adder.
The adder is heavily wounded.
The adder bites you.
You are poisoned.
The adder poisons you! The adder bites you but does no damage.
You hear the quick rusting of a very distant drain.
You feel sick. The goblin closely misses you.
You hit the adder but do no damage.
The adder is heavily wounded.
You feel sick. The adder completely misses you. The goblin closely misses you.
You hit the adder.
The adder is heavily wounded.
The adder bites you.
* * * LOW HITPOINT WARNING * * *
The goblin misses you.
You barely miss the adder.
The adder is heavily wounded.
You feel sick. The adder bites you.
You die...

#...)# ...>.................
###..#######.................
##.........###############.
#..######## ###### #. #...#
..>...# #. ##..## ......# #.
#...# ......#### ##..######
.......... #.....S@#
.......### ##...##g#
........## #
#...##.....#.......# #
#..........#.......###.
#......................
#...... #.......###. #......
#..###..# #..... ##.####.#
####.(......


You could see an adder and a goblin.

Vanquished Creatures
  2 adders (D:2)
  A dart slug (D:3)
  An orc (D:3)
  A ball python (D:3)
  8 endoplasms
  A giant cockroach (D:2)
  6 goblins
  3 hobgoblins (D:1)
  6 jackals (D:2)
  A quokka (D:1)
  2 bats
  A frilled lizard (D:3)
  8 kobolds
  4 rats
45 creatures vanquished.

Notes
Turn   | Place    | Note
-------+----------+-------------------------------------------
     0 | D:1      | voltaire321 the Kobold Enchanter began the quest for the
                  | Orb.
     0 | D:1      | Reached XP level 1. HP: 10/10 MP: 3/3
   608 | D:1      | Reached XP level 2. HP: 16/16 MP: 5/5
   657 | D:1      | Learned a level 2 spell: Ensorcelled Hibernation
  1104 | D:2      | Reached XP level 3. HP: 20/20 MP: 6/6
  1153 | D:2      | Found a glowing golden altar of the Shining One.
  1385 | D:2      | Reached skill level 1 in Fighting
  1869 | D:2      | Reached XP level 4. HP: 24/25 MP: 2/7
  2343 | D:3      | Reached skill level 1 in Ice Magic
  2780 | D:3      | Slain by an adder

Illustrated notes

Levels and vault maps discovered:
D:1:      minmay_arrival_glassed_features, layout_basic, minmay_misc_feat_tiny
D:2:      layout_basic, basic_altar
D:3:      layout_rooms, portal_sewer_entry_d

Skill      XL: |  1  2  3  4 |
---------------+-------------+-----
Short Blades   | 2 |  2.4
Fighting       | 1 |  1.3
Ice Magic      | 1 |  1.0
Dodging        | 3 |  3.0
Stealth        | |  4.5
Spellcasting   | |  2.6
Hexes          | |  3.2

Action                   |  1- 3 |  4- 6 || total
-------------------------+-------+-------++-------
Melee: Dagger            |    85 |    79 ||   164
       Punch             |     1 |     2 ||     3
 Cast: Ensorcelled Hiber |     6 |     1 ||     7
 Stab: Sleeping          |    14 |     6 ||    20
Armor: Robe              |    14 |    24 ||    38
Dodge: Dodged            |    50 |    68 ||   118

Table legend: (Time is in decaauts)
 A = Elapsed time spent in this place.
 B = Non-inter-level travel time spent in this place.
 C = Inter-level travel time spent in this place.
 D = Time resting spent in this place.
 E = Time spent auto-exploring this place.
 F = Levels seen in this place.
 G = Mean time per level.
                   A        B        C        D        E       F      G
               +--------+--------+--------+--------+--------+-----+--------+
         Total |   2762 |   2710 |     52 |    592 |   1686 |   3 |  920.7 |
       Dungeon |   2762 |   2710 |     52 |    592 |   1686 |   3 |  920.7 |
               +--------+--------+--------+--------+--------+-----+--------+

Top non-repeatable levels by time:
     D:2: 1279 daAuts
     D:1: 1024 daAuts
     D:3: 458 daAuts
